 Dungeon Sprint DCSS version 0.20-a0-1034-gb277f92 (webtiles) character file.

6000000 galech the Ninja (level 27, -3/298 HPs)
             Began as a Deep Dwarf Monk on Apr 21, 2017.
             Was the Champion of Makhleb.
             Killed by divine providence
             ... invoked by an accursed
              (5 damage)
             ... in the Dungeon (Sprint VIII: "Arena of Blood").
             The game lasted 00:04:16 (60 turns).

galech the Ninja (Deep Dwarf Monk)                    Turns: 60, Time: 00:04:18

Health: -3/298     AC:  4    Str: 24    XL:     27
Magic:  27/54      EV: 32    Int: 15    God:    Makhleb [******]
Gold:   0          SH:  0    Dex: 15    Spells: 80/80 levels left

rFire    . . .     SeeInvis .   i - +∞ Axe of Woe
rCold    . . .     Gourm    .   (shield currently unavailable)
rNeg     + . .     Faith    .   a - +0 robe
rPois    .         Spirit   .   (no helmet)
rElec    .         Reflect  .   (no cloak)
rCorr    .         Harm     .   (no gloves)
MR       ++++.     NoTele   +   (no boots)
Stlth    +++++++++.             (no amulet)
Regen    0.0/turn               k - +30 ring of slaying
MPRegen  0.4/turn               j - +30 ring of slaying

@: non-regenerating
A: damage resistance, heal wounds, negative energy resistance 1, sense
surroundings 3, no regeneration
a: Heal Wounds, Minor Destruction, Lesser Servant of Makhleb, Major Destruction,
Greater Servant of Makhleb, Renounce Religion


You were in the Dungeon.
You worshipped Makhleb.
Makhleb was exalted by your worship.
You were not hungry.

You visited 1 branch

Inventory:

Hand Weapons
 i - the +∞ Axe of Woe (weapon)
   (You found it in the Dungeon)
Armour
 a - a +0 robe (worn)
Jewellery
 j - a +30 ring of slaying (right hand)
 k - a +30 ring of slaying (left hand)
Scrolls
 h - a scroll of blinking
Potions
 c - a potion of curing
 d - a potion of heal wounds
 e - a potion of haste
 f - 2 potions of magic
 g - a potion of berserk rage
Comestibles
 b - a bread ration


   Skills:
 O Level 27 Fighting
 O Level 27 Axes
 O Level 27 Throwing
 O Level 27 Armour
 O Level 27 Dodging
 O Level 27 Stealth
 O Level 27 Unarmed Combat
 O Level 27 Spellcasting
 O Level 27 Invocations


You had 80 spell levels left.
You didn't know any spells.

Dungeon Overview and Level Annotations

Branches:
Dungeon (1/1)

Altars:
Makhleb


Innate Abilities, Weirdness & Mutations

You are resistant to damage.
You can heal yourself by infusing magical energy.
You resist negative energy. (rN+)
You passively map a large area around you.
You do not regenerate.


Message History

Makhleb accepts your kill.
You feel better.
You are engulfed in blazing flames.
The destroyer blinks!
You hear a shout! x4
The eight-headed meat hydra is engulfed in blazing flames.
The eight-headed meat hydra calls on the powers of darkness!
The eight-headed meat hydra convulses!
The bag of meat convulses!
Your body is wracked with pain!
The meat berserker convulses!
The bag of meat convulses! x4; The meat berserker convulses!
The bag of meat convulses! x3; The destroyer blinks!
You hear a shout! x2
An orc and a wraith come into view. 2 orcs and a vampire knight come into view.
The destroyer is wielding a +9 great sword of slicing.
The meat berserker hits you with a +9 battleaxe!!!
* * * LOW HITPOINT WARNING * * *
The meat berserker hits you with a +9 battleaxe!!!
* * * LOW HITPOINT WARNING * * *
The accursed casts a spell at you. Something smites you!
You die... , , ............... , , * ,......Vo....... . , , , , , ,.......x.V..O,, M. ,, ,, , ........o.. , ,... , * , ,,,, ,#.......# .... , , #.....))# ooo..

, .###.....))###oo....
,
......###))O§§DoM...,,
, ,,*
......%_.))@§V§o.... ,
,
,....#.....#.O....M#W
,, . #_.<._#.........
, , * ,,
#.....#......#.#, ,,,
, ,,
....._.....§...... ,
,,
,......###.V......§#.
,* ,.###.. ...###Mo...
,,, #.. ..# ,..... ,
,, , ,#.. , ..# , , ,


You could see 4 accurseds, an eight-headed meat hydra, 3 destroyers, 2 meat
berserkers, 10 bags of meat and a crawling corpse.

Vanquished Creatures
  11 vampire knights (D)
  17 ogres (D)
  3 two-headed ogres (D)
  43 orcs (D)
  2 skeletal warriors (D)
  3 large abominations (D)
  5 small abominations (D)
  A crawling corpse (D)
85 creatures vanquished.

Vanquished Creatures (others)
  A crawling corpse (D)
1 creature vanquished.

Grand Total: 86 creatures vanquished

Notes
Turn   | Place    | Note
-------+----------+-------------------------------------------
     0 | D        | galech the Deep Dwarf Monk began the quest for the Orb.
     0 | D        | Reached XP level 1. HP: 21/21 MP: 1/1
     4 | D        | Became a worshipper of Makhleb the Destroyer
     4 | D        | Reached * piety under Makhleb
     4 | D        | Reached ** piety under Makhleb
     5 | D        | Noticed a bag of meat
     6 | D        | Noticed a bag of meat
     7 | D        | Noticed a bag of meat
     7 | D        | Noticed a bag of meat
     8 | D        | Noticed a bag of meat
     8 | D        | Noticed a bag of meat
     9 | D        | Noticed a bag of meat
     9 | D        | Noticed a bag of meat
     9 | D        | Noticed a meat berserker
     9 | D        | Noticed a meat berserker
     9 | D        | Noticed a bag of meat
     9 | D        | Noticed a bag of meat
    11 | D        | Noticed a meat berserker
    11 | D        | Killed a bag of meat
    11 | D        | Reached XP level 2. HP: 54/54 MP: 2/2
    11 | D        | Reached XP level 3. HP: 61/61 MP: 3/3
    11 | D        | Reached XP level 4. HP: 69/69 MP: 4/4
    11 | D        | Reached XP level 5. HP: 76/76 MP: 5/5
    11 | D        | Reached XP level 6. HP: 85/85 MP: 6/6
    11 | D        | Reached XP level 7. HP: 93/93 MP: 7/7
    11 | D        | Reached XP level 8. HP: 102/102 MP: 8/8
    11 | D        | Gained mutation: You passively map the area around you. [Deep Dwarf growth]
    11 | D        | Reached XP level 9. HP: 109/109 MP: 9/9
    11 | D        | Reached XP level 10. HP: 117/117 MP: 10/10
    11 | D        | Reached XP level 11. HP: 124/124 MP: 11/11
    12 | D        | Noticed a bag of meat
    12 | D        | Noticed a bag of meat
    12 | D        | Noticed a bag of meat
    12 | D        | Noticed a bag of meat
    12 | D        | Killed a meat berserker
    12 | D        | Reached XP level 12. HP: 64/145 MP: 12/12
    12 | D        | Reached XP level 13. HP: 67/152 MP: 13/13
    12 | D        | Killed a meat berserker
    12 | D        | Gained mutation: You resist negative energy. (rN+) [Deep Dwarf growth]
    12 | D        | Reached XP level 14. HP: 158/168 MP: 14/14
    12 | D        | Killed a meat berserker
    12 | D        | Reached *** piety under Makhleb
    12 | D        | Reached skill level 27 in Dodging
    12 | D        | Reached skill level 27 in Stealth
    12 | D        | Reached XP level 15. HP: 182/182 MP: 15/15
    13 | D        | Noticed a meat berserker
    13 | D        | Noticed a meat berserker
    13 | D        | Reached skill level 27 in Fighting
    13 | D        | Reached XP level 16. HP: 200/200 MP: 16/16
    14 | D        | Noticed a meat berserker
    14 | D        | Noticed a meat berserker
    14 | D        | Reached **** piety under Makhleb
    14 | D        | Noticed a destroyer
    15 | D        | Killed a meat berserker
    15 | D        | Reached skill level 27 in Axes
    15 | D        | Reached XP level 17. HP: 208/208 MP: 17/17
    16 | D        | Reached skill level 5 in Spellcasting
    16 | D        | Reached ***** piety under Makhleb
    16 | D        | Reached skill level 10 in Armour
    17 | D        | Killed a meat berserker
    17 | D        | Gained mutation: You passively map a large area around you. [Deep Dwarf growth]
    17 | D        | Reached XP level 18. HP: 218/218 MP: 17/33
    18 | D        | Reached skill level 15 in Armour
    19 | D        | Noticed a meat berserker
    19 | D        | Killed a meat berserker
    19 | D        | Reached skill level 15 in Spellcasting
    19 | D        | Reached XP level 19. HP: 226/226 MP: 17/38
    19 | D        | Killed a meat berserker
    20 | D        | Noticed a large bag of meat
    20 | D        | Reached ****** piety under Makhleb
    21 | D        | Noticed a destroyer
    21 | D        | Reached XP level 20. HP: 236/236 MP: 17/42
    21 | D        | Reached skill level 27 in Invocations
    22 | D        | Killed a destroyer
    23 | D        | Reached skill level 27 in Armour
    23 | D        | Reached XP level 21. HP: 244/244 MP: 18/47
    24 | D        | Killed a destroyer
    24 | D        | Reached skill level 27 in Throwing
    24 | D        | Reached skill level 27 in Unarmed Combat
    25 | D        | Reached skill level 27 in Spellcasting
    25 | D        | Reached XP level 22. HP: 254/254 MP: 18/53
    26 | D        | Noticed a destroyer
    26 | D        | Noticed a destroyer
    27 | D        | Noticed a destroyer
    29 | D        | Reached XP level 23. HP: 262/262 MP: 19/54
    29 | D        | Killed a destroyer
    30 | D        | Killed a large bag of meat
    30 | D        | Reached XP level 24. HP: 272/272 MP: 20/54
    31 | D        | Killed a destroyer
    33 | D        | Noticed a destroyer
    34 | D        | Noticed a large bag of meat
    34 | D        | Noticed a destroyer
    36 | D        | Noticed a destroyer
    36 | D        | Reached XP level 25. HP: 280/280 MP: 21/54
    37 | D        | Killed a destroyer
    38 | D        | Noticed a destroyer
    38 | D        | Killed a destroyer
    38 | D        | Reached XP level 26. HP: 279/290 MP: 21/54
    40 | D        | Noticed a large bag of meat
    41 | D        | Killed a destroyer
    42 | D        | Killed a destroyer
    42 | D        | Reached XP level 27. HP: 298/298 MP: 22/54
    43 | D        | Noticed a destroyer
    44 | D        | Noticed a destroyer
    45 | D        | Noticed an accursed
    45 | D        | Killed a large bag of meat
    49 | D        | Killed a destroyer
    51 | D        | Noticed an accursed
    51 | D        | Killed a destroyer
    52 | D        | Noticed an accursed
    52 | D        | Killed a destroyer
    56 | D        | Killed a large bag of meat
    57 | D        | Noticed a destroyer
    57 | D        | Noticed a destroyer
    59 | D        | Noticed an accursed
    60 | D        | Noticed a dread
    60 | D        | Noticed a destroyer
    60 | D        | HP: 2/298 [meat berserker/+9 battleaxe (46)]
    60 | D        | Killed from afar by an accursed

Vault maps used:
D:        meatsprint

Skill      XL: |  1  2  3  4  5  6  7  8  9 10 11 12 13 14 15 16 17 18 19 20 21 |
---------------+----------------------------------------------------------------+-----
Fighting       | 16 20 22 24 27 | 27.0
Dodging        | 18 22 25 27 | 27.0
Stealth        | 19 23 26 27 | 27.0
Axes           | 3 6 9 16 27 | 27.0
Throwing       | 12 16 20 23 27 | 27.0
Armour         | 14 18 23 27 | 27.0
Unarmed Combat | 12 16 20 23 27 | 27.0
Spellcasting   | 11 15 18 22 27 | 27.0
Invocations    | 16 21 26 27 | 27.0

Action                   |  1- 3 |  4- 6 |  7- 9 | 10-12 | 13-15 | 16-18 | 19-21 | 22-24 | 25-27 || total
-------------------------+-------+-------+-------+-------+-------+-------+-------+-------+-------++-------
Melee: Executioner's axe |     1 |       |       |     1 |     1 |     6 |     6 |     6 |    22 ||    43
Dodge: Dodged            |       |       |       |       |     1 |     1 |     1 |     2 |     1 ||     6
